 Dungeon Crawl Stone Soup version 0.31-a0-232-gb1c03b2570 (webtiles) character file.

Game seed: 17894186086139419693

44 qw the Shooter (level 3, 0/21 HPs)
             Began as a Gargoyle Hexslinger on July 7, 2023.
             Shot with a sling bullet by a goblin (2 damage)
             ... on level 2 of the Dungeon.
             The game lasted 00:00:28 (1295 turns).

qw the Shooter (Gargoyle Hexslinger)                Turns: 1295, Time: 00:00:29

Health: 0/21       AC:  6    Str: 11    XL:     3   Next: 62%
Magic:  4/4        EV: 11    Int: 13    God:
Gold:   37         SH:  0    Dex: 14    Spells: 3/4 levels left

rFire   . . .        Y - +1 sling
rCold   . . .        (no shield)
rNeg    + . .        k - +0 leather armour
rPois   inf          (no helmet)
rElec   +            (no cloak)
rCorr   .            (no gloves)
SInv    .            (no boots)
Will    .....        (no amulet)
Stlth   +            (no ring)
HPRegen 0.23/turn    (no ring)
MPRegen 0.09/turn

%: no passive effects
@: about to teleport
A: sickness immunity, AC +3, negative energy resistance 1, electricity
resistance, torment resistance 1, petrification resistance
a: no special abilities


You were on level 2 of the Dungeon.
You visited 1 branch of the dungeon, and saw 2 of its levels.

You collected 37 gold pieces.


Innate Abilities, Weirdness & Mutations

You are immune to sickness and miasma.
Your stone body is resilient. (AC +3)
You are immune to poison.
You resist negative energy. (rN+)
You are resistant to electric shocks. (rElec)
You are resistant to unholy torment.
You are immune to petrification.


   Skills:
 - Level 2.0 Fighting
 + Level 3.5 Ranged Weapons
 - Level 1.5 Dodging
 - Level 1.0 Spellcasting
 - Level 2.6 Hexes


You had 3 spell levels left.
You knew the following spells:

 Your Spells              Type           Power      Damage    Failure   Level
a - Slow                  Hex            28%        N/A       12%         1

Your spell library contained the following spells:

 Spells                   Type           Power      Damage    Failure   Level
 Inner Flame              Hex/Fire       4%         N/A       54%         3
 Portal Projectile        Hex/Tloc       8%         N/A       54%         3
 Cause Fear               Hex            3%         N/A       77%         4

Inventory:

Hand Weapons
 Y - a +1 sling (weapon)
Armour
 k - a +0 leather armour (worn)
Potions
 d - a potion of curing {unknown}
 g - a potion of cancellation {unknown}
 i - a potion of magic {unknown}

Dungeon Overview and Level Annotations

Branches:
Dungeon (2/15)

Altars:

Shops:
D:2 ?


Message History

The sling bullet hits the hobgoblin but does no damage.
The hobgoblin is almost dead.
The quokka bites you but does no damage.
A quokka comes into view.
The hobgoblin hits you.
The goblin shoots a sling bullet.
The sling bullet hits you.
You shoot a sling bullet.
The sling bullet barely misses the hobgoblin.
The quokka bites you but does no damage.
The hobgoblin barely misses you. The quokka misses you.
You shoot a sling bullet.
The sling bullet completely misses the hobgoblin.
The hobgoblin hits you but does no damage.
The quokka closely misses you. The hobgoblin hits you.
You shoot a sling bullet. The sling bullet hits the hobgoblin.
The hobgoblin is almost dead.
The quokka barely misses you. x2; The hobgoblin hits you.
You shoot a sling bullet.
The sling bullet barely misses the hobgoblin.
The quokka bites you but does no damage.
The hobgoblin hits you but does no damage.
You shoot a sling bullet.
The sling bullet hits the hobgoblin but does no damage.
The hobgoblin is almost dead.
The quokka bites you. The quokka completely misses you. The hobgoblin hits you.
The goblin shoots a sling bullet.
The sling bullet barely misses you.
The sling bullet hits the quokka.
The quokka bites you.
1294 ||| READING scroll of teleportation.
As you read the scroll of teleportation, it crumbles to dust.
You feel strangely unstable.
The quokka twitches its whiskers.
The quokka barely misses you. The hobgoblin completely misses you.
The goblin shoots a sling bullet.
The sling bullet barely misses you.
The sling bullet misses the quokka.
The quokka barely misses you.
The quokka bites you but does no damage.
You shoot a sling bullet. The sling bullet hits the hobgoblin.
You kill the hobgoblin!
The quokka bites you but does no damage.
The goblin shoots a sling bullet.
The sling bullet hits you.
You die...

..(8 8. ...... #..#.#
#.#..#.# #######
#.#..#.# #>....
#.#..#.## #....#
#.#.....# #....#
#.#rr%..# #....#####
#.#.@...# #....g...#
##%#...g.###...\....#
#.<...................
##.#.#...............#
#.#.................#
#.###................
#.# ####..........#.#
#.# #..........# . #.#
############


You could see 2 quokkas and a goblin.

Vanquished Creatures
  2 dart slugs
  3 ball pythons
  5 endoplasms (D:1)
  A giant cockroach (D:1)
  4 goblins (D:1)
  5 hobgoblins
  4 jackals (D:1)
  2 quokkas (D:1)
  4 bats
  A frilled lizard (D:1)
  3 kobolds
  3 rats (D:1)
37 creatures vanquished.

Notes
Turn   | Place    | Note
-------+----------+-------------------------------------------
     0 | D:1      | qw the Gargoyle Hexslinger began the quest for the Orb.
     0 | D:1      | Reached XP level 1. HP: 12/12 MP: 2/2
     0 | D:1      | 0 ||| qw: Version: 0.3-a-46-gb1f654a
     0 | D:1      | 0 ||| qw: Game counter: 2430
     0 | D:1      | 0 ||| qw: Melee chars always use a shield: true
     0 | D:1      | 0 ||| qw: God list: Okawaru
     0 | D:1      | 0 ||| qw: Allow faded altars: false
     0 | D:1      | 0 ||| qw: Do Orc after clearing Dungeon:15 true
     0 | D:1      | 0 ||| qw: Do second Lair branch before Depths: true
     0 | D:1      | 0 ||| qw: Lair rune preference: random
     0 | D:1      | 0 ||| qw: Goals: Normal
     0 | D:1      | 0 ||| PLANNING D:1-11
   104 | D:1      | Reached XP level 2. HP: 16/16 MP: 3/3
   227 | D:1      | Reached skill level 3 in Ranged Weapons
   516 | D:1      | Reached XP level 3. HP: 21/21 MP: 4/4
  1218 | D:1      | 1218 ||| UPGRADING to +0 leather armour.
  1228 | D:1      | 1228 ||| DROPPING +0 robe.
  1229 | D:1      | 1229 ||| READING scroll labelled GASYZI GIMOASOORY.
  1230 | D:1      | 1230 ||| READING scroll labelled GALUFO RYPU.
  1231 | D:1      | 1231 ||| READING 2 scrolls labelled NAOCWE IHUPH.
  1235 | D:1      | 1235 ||| READING scroll labelled ZAS SIRUN QIZ.
  1236 | D:1      | 1236 ||| DROPPING scroll of poison.
  1266 | D:2      | Found Quvouced's Magic Scroll Boutique.
  1275 | D:2      | 1275 ||| FLEEEEING.
  1276 | D:2      | 1276 ||| FLEEEEING.
  1277 | D:2      | 1277 ||| FLEEEEING.
  1278 | D:2      | 1278 ||| FLEEEEING.
  1279 | D:2      | 1279 ||| FLEEEEING.
  1280 | D:2      | 1280 ||| FLEEEEING.
  1281 | D:2      | 1281 ||| FLEEEEING.
  1282 | D:2      | 1282 ||| FLEEEEING.
  1283 | D:2      | 1283 ||| FLEEEEING.
  1293 | D:2      | HP: 4/21 [hobgoblin (2)]
  1293 | D:2      | HP: 1/21 [quokka (3)]
  1294 | D:2      | 1294 ||| READING scroll of teleportation.
  1295 | D:2      | Shot with a sling bullet by a goblin

Levels and vault maps discovered:
D:1:      nagdon_arrival_double_spiral, layout_basic, minmay_misc_feat_encased
D:2:      layout_basic, serial_shops, shop, basic_altar,
          chequers_ecumenical_altar_simple_redux, minmay_strange_pillars

Skill      XL: |  1  2 |
---------------+-------+-----
Ranged Weapons | 3 |  3.5
Fighting       | 2 |  2.0
Dodging        | |  1.5
Spellcasting   | |  1.0
Hexes          | |  2.6

Action                     || total
---------------------------++-------
   Fire: Sling             ||   118
    Use: Scroll            ||     5
 Armour: Robe              ||    20
         Leather armour    ||    13
  Dodge: Dodged            ||    63

Table legend:
 A = Non-vault XP
 B = Vault XP
 C = Vault XP percentage of total XP
 D = Non-vault monster count
 E = Vault monster count
 F = Vault count percentage of total count
                 A         B        C        D         E       F
            +---------+---------+-------+---------+---------+-------
      Total |      66 |       0 |   0.0 |      37 |       0 |   0.0
            +---------+---------+-------+---------+---------+-------
        D:1 |      56 |       0 |   0.0 |      32 |       0 |   0.0
        D:2 |      10 |       0 |   0.0 |       5 |       0 |   0.0
            +---------+---------+-------+---------+---------+-------
